Map: Eternal Empire LE

Players

Reynor - Winner!

  • Race: Zerg Zerg
  • Spawn Location: 7:00

Dream

  • Race: Terran Terran
  • Spawn Location: 1:00

Event: StayAtHomestory Cup #1

VOD

Have the link to the VOD?

Description

Time

  • Played on: April 11, 2020, 8:36 a.m.
  • Length: 21:46

All games in this series

Show
View Real Time Build Order
Export as new Build Order

Reynor Zerg - Winner!

Build Orders: Hatch First, Muta Ling Bane 

Get SALT Encoding   

  12  0:01  Drone  
  13  0:12  Overlord  
  13  0:17  Drone  
  14  0:30  Drone x2  
  16  0:48  Hatchery  
  15  0:51  Drone  
  15  0:55  Drone  
  17  0:58  Drone  
  18  1:08  Extractor  
  17  1:14  Spawning Pool  
  17  1:17  Drone  
  17  1:20  Drone  
  18  1:27  Drone  
  19  1:38  Drone  
  20  1:49  Overlord  
  20  2:01  Queen x2  
  20  2:02  Zergling x4  
  26  2:10  Drone  
  26  2:11  Drone  
  26  2:13  Metabolic Boost  
  28  2:21  Drone  
  28  2:22  Drone  
  30  2:31  Drone  
  30  2:34  Drone  
  32  2:41  Queen  
  32  2:42  Overlord  
  32  2:43  Drone  
  35  2:53  Drone  
  36  3:00  Pneumatized Carapace  
  36  3:01  Zergling x2  
  36  3:05  Zergling x2  
  38  3:06  Drone  
  38  3:09  Overlord  
  38  3:10  Drone x2  
  41  3:15  Drone  
  41  3:20  Zergling x2  
  41  3:26  Drone  
  42  3:29  Drone  
  42  3:31  Hatchery  
  42  3:36  Drone  
  42  3:39  Overlord  
  43  3:43  Queen  
  45  3:50  Drone x2  
  47  3:58  Drone  
  47  3:59  Drone  
  49  4:03  Drone  
  49  4:04  Drone x2  
  49  4:06  Lair, Extractor  
  51  4:10  Zergling x2  
  51  4:12  Zergling x2  
  53  4:20  Zergling x2, Queen  
  53  4:21  Overlord  
  53  4:22  Drone  
  53  4:23  Drone  
  58  4:32  Drone  
  58  4:34  Drone, Evolution Chamber  
  58  4:35  Overlord  
  58  4:36  Evolution Chamber  
  58  4:37  Drone x2  
  60  4:38  Spore Crawler  
  60  4:45  Extractor, Drone x2  
  61  4:46  Extractor, Queen  
  61  4:47  Drone  
  61  4:51  Overlord  
  62  4:53  Overlord  
  62  4:54  Drone x2  
  62  4:55  Drone  
  62  4:58  Drone  
  66  5:06  Spire  
  64  5:08  Drone  
  64  5:09  Drone x2  
  64  5:12  Drone x3  
  70  5:16  Overlord  
  70  5:18  Zerg Ground Armor Level 1  
  70  5:19  Drone  
  71  5:25  Zergling x4  
  71  5:26  Drone  
  71  5:27  Drone x2  
  76  5:29  Drone  
  76  5:30  Drone  
  76  5:33  Zerg Melee Weapons Level 1  
  78  5:37  Baneling Nest  
  78  5:38  Drone x2  
  78  5:40  Drone  
  78  5:41  Drone  
  81  5:44  Overlord  
  81  5:45  Extractor  
  81  5:46  Extractor  
  81  5:48  Drone x2  
  81  5:55  Overlord  
  81  6:01  Baneling Nest  
  81  6:02  Drone x7  
  87  6:08  Zergling x4  
  87  6:10  Overlord  
  89  6:15  Zergling x2  
  89  6:16  Zergling x10  
  95  6:19  Zergling x2  
  95  6:24  Centrifical Hooks, Overlord  
  97  6:27  Hatchery  
  97  6:28  Zergling x6  
  97  6:31  Zergling x4  
  101  6:34  Zergling x2  
  101  6:38  Zergling x2  
  103  6:48  Hatchery  
  103  6:50  Mutalisk x5  
  103  6:52  Overlord  
  103  6:53  Overlord  
  113  6:55  Overseer  
  113  6:58  Overlord  
  112  7:06  Overlord  
  112  7:09  Mutalisk  
  112  7:13  Mutalisk x6  
  125  7:16  Zergling x2  
  125  7:17  Zergling x10  
  125  7:22  Zergling x4  
  133  7:23  Zergling x4  
  133  7:25  Baneling x4  
  133  7:26  Baneling  
  133  7:29  Drone x2  
  137  7:31  Overlord  
  137  7:36  Zerg Ground Armor Level 2  
  137  7:39  Drone x2, Unknown  
  137  7:43  Mutalisk  
  140  7:45  Drone x5  
  140  7:48  Overlord  
  140  7:50  Zergling x6  
  148  7:51  Zerg Melee Weapons Level 2  
  148  7:58  Zergling x6  
  151  8:00  Queen  
  151  8:03  Drone x2  
  155  8:09  Mutalisk x2  
  159  8:14  Mutalisk  
  161  8:20  Drone x3  
  161  8:22  Zerg Flyer Weapons Level 1  
  161  8:23  Zergling x8  
  161  8:26  Hatchery  
  167  8:28  Baneling x8  
  167  8:31  Overlord  
  167  8:37  Baneling x3  
  167  8:39  Drone  
  167  8:40  Infestation Pit  
  167  8:44  Overseer  
  167  8:51  Drone  
  167  8:52  Drone x6  
  174  8:56  Baneling x4  
  174  8:58  Mutalisk  
  174  9:00  Overseer  
  174  9:02  Overseer, Mutalisk x2  
  172  9:04  Hatchery  
  172  9:06  Overlord  
  175  9:11  Zergling x2  
  175  9:13  Baneling x9  
  175  9:16  Overlord  
  176  9:18  Hive  
  172  9:25  Mutalisk x2  
  172  9:28  Zergling x16  
  172  9:30  Overlord  
  180  9:39  Mutalisk x3  
  180  9:42  Zergling x20  
  192  9:48  Mutalisk x2  
  192  9:50  Zergling x6  
  197  9:59  Overseer  
  197  10:00  Baneling x7  
  197  10:01  Zergling x6  
  197  10:04  Overlord  
  197  10:06  Overseer  
  200  10:08  Overseer  
  200  10:10  Overlord  
  200  10:14  Baneling x9  
  200  10:15  Baneling x4  
  197  10:26  Zergling x2  
  197  10:27  Zergling x34  
  189  10:32  Mutalisk x3  
  189  10:34  Zergling x2  
  192  10:35  Baneling  
  192  10:36  Baneling x5  
  192  10:42  Mutalisk  
  188  10:49  Zergling x18  
  188  10:52  Zergling x10  
  188  10:55  Zerg Ground Armor Level 3  
  179  10:58  Zergling x8  
  183  11:04  Zerg Melee Weapons Level 3  
  183  11:05  Drone x3  
  187  11:11  Zergling x10  
  187  11:14  Baneling x9  
  187  11:16  Zergling x2  
  192  11:18  Zergling x2  
  192  11:25  Zergling x14  
  198  11:27  Zergling x12  
  198  11:28  Overlord  
  198  11:35  Mutalisk x3  
  196  11:40  Zergling x8  
  196  11:43  Extractor  
  197  11:50  Baneling x4  
  197  11:51  Baneling x16  
  197  11:57  Zergling x2  
  197  11:58  Zergling x4  
  199  12:01  Zergling x4  
  199  12:02  Ultralisk Cavern  
  197  12:10  Zergling x2  
  197  12:11  Zergling x10  
  197  12:14  Adrenal Glands  
  195  12:15  Zergling x2  
  195  12:16  Zergling x6  
  186  12:24  Zergling x18  
  186  12:25  Zergling x18  
  186  12:26  Zergling x6  
  186  12:29  Zerg Flyer Weapons Level 2  
  190  12:37  Zergling x18  
  190  12:39  Baneling x9  
  190  12:41  Zergling x2  
  190  12:44  Zergling x6  
  193  12:45  Zergling x2  
  193  12:46  Zergling x2  
  193  12:47  Queen  
  193  12:48  Zergling x2  
  193  12:50  Zergling x4  
  191  12:56  Mutalisk x4  
  180  12:59  Zergling x2  
  180  13:00  Zergling x14  
  169  13:05  Zergling x6  
  169  13:11  Baneling x8  
  169  13:12  Zergling x4  
  168  13:16  Baneling x5  
  168  13:18  Zergling x8  
  168  13:19  Baneling x3  
  172  13:20  Zergling x2  
  172  13:26  Baneling x3  
  171  13:30  Zergling x8  
  169  13:36  Baneling x7  
  169  13:38  Zergling x6  
  169  13:39  Zergling x2  
  167  13:44  Baneling x3  
  167  13:45  Hatchery  
  167  13:48  Zergling x16  
  174  13:55  Ultralisk  
  180  13:58  Zergling x6  
  183  14:04  Overseer x3  
  183  14:08  Zergling x10  
  178  14:17  Zergling x2, Ultralisk  
  178  14:22  Zergling x8  
  178  14:23  Baneling x3  
  178  14:24  Baneling  
  177  14:37  Chitinous Plating  
  175  14:40  Hatchery  
  175  14:42  Baneling x5  
  172  14:55  Baneling x2  
  170  15:01  Zergling x4, Ultralisk  
  170  15:03  Baneling  
  170  15:04  Baneling x2  
  178  15:10  Zergling x10  
  178  15:13  Overlord  
  183  15:21  Baneling x3  
  183  15:28  Zergling x16  
  190  15:34  Zergling x2  
  189  15:39  Overseer  
  189  15:41  Zergling x2, Ultralisk  
  195  15:50  Zergling x6  
  186  15:57  Zergling x2, Ultralisk  
  186  16:02  Zergling x4  
  186  16:11  Zergling x22  
  186  16:17  Drone x3  
  200  16:20  Baneling x2  
  200  16:21  Baneling x8  
  200  16:24  Hatchery, Overseer  
  199  16:26  Baneling x6  
  199  16:28  Baneling x3  
  199  16:32  Zergling x2  
  199  16:38  Zergling x10  
  164  16:49  Zergling x18, Ultralisk  
  164  16:50  Zergling x2  
  164  16:51  Overseer  
  164  16:59  Ultralisk x2  
  176  17:02  Zergling x4  
  176  17:07  Zergling x2  
  172  17:08  Zergling x2  
  172  17:10  Zergling x2  
  172  17:15  Zergling x20  
  162  17:23  Zergling x4, Ultralisk  
  162  17:27  Drone x2  
  172  17:30  Baneling x13  
  172  17:33  Drone x3  
  175  17:38  Baneling  
  175  17:39  Anabolic Synthesis, Baneling x2  
  175  17:41  Zergling x8  
  179  17:45  Zergling x10  
  184  17:51  Baneling x5  
  184  17:53  Zergling x8  
  188  18:03  Zergling x2  
  188  18:11  Zergling x2  
  188  18:12  Zergling x10  
  188  18:14  Overlord  
  188  18:17  Drone  
  185  18:21  Zergling x8  
  185  18:25  Zergling x6  
  175  18:38  Zergling x10  
  175  18:39  Overlord x2  
  179  18:48  Baneling x5  
  179  18:49  Baneling x13  
  179  18:50  Overseer x2  
  179  18:57  Baneling x9  
  179  19:04  Zergling x32  
  179  19:09  Zergling x2  
  195  19:10  Zergling x2  
  191  19:17  Overlord  
  191  19:23  Zergling x22  
  186  19:24  Hatchery  
  186  19:28  Zergling x10  
  182  19:38  Zergling x8, Ultralisk  
  182  19:39  Zergling x2  
  182  19:44  Burrow  
  182  19:45  Zergling x2  
  188  19:49  Zergling x8  
  192  19:58  Overlord, Unknown  
  189  20:00  Unknown  
  189  20:06  Baneling  
  189  20:07  Baneling x5  
  188  20:15  Queen  
  174  20:21  Zergling x18  
  174  20:22  Zergling x10  
  163  20:31  Zergling x20  
  151  20:36  Zergling x6  
  151  20:40  Queen  
  146  20:43  Zergling x6  
  147  20:50  Zergling x8  
  147  20:51  Zergling x2  
  147  20:55  Zergling x6  
  133  20:57  Zergling x2  
  133  21:00  Zergling x2  
  133  21:02  Zergling x2  
  130  21:08  Zergling x8  
  134  21:16  Baneling x4  
  127  21:19  Zergling x12  
  138  21:26  Zergling x2  
  138  21:27  Zergling x6  
Show
View Real Time Build Order
Export as new Build Order

Dream Terran 

Build Orders: Reaper Expand 

Get SALT Encoding   

  12  0:00  SCV  
  13  0:12  SCV  
  14  0:17  Supply Depot  
  14  0:25  SCV  
  15  0:39  SCV  
  15  0:40  Barracks  
  16  0:43  Refinery  
  16  0:51  SCV  
  17  1:03  SCV  
  18  1:15  SCV  
  19  1:27  Orbital Command, Reaper  
  20  1:40  Command Center  
  20  1:51  Supply Depot  
  20  1:53  SCV  
  21  1:59  Marine  
  22  2:05  SCV  
  23  2:10  Factory  
  23  2:17  SCV, Refinery  
  23  2:20  Marine  
  25  2:28  Bunker  
  25  2:31  SCV  
  26  2:41  Barracks Reactor  
  26  2:43  SCV  
  27  2:53  Orbital Command  
  27  2:55  SCV  
  27  2:56  Starport  
  28  3:07  SCV  
  29  3:19  SCV  
  30  3:20  SCV  
  30  3:31  SCV  
  30  3:32  SCV  
  32  3:34  Starport Tech Lab, Command Center  
  32  3:43  SCV, Hellion  
  32  3:45  SCV, Hellion  
  38  3:55  SCV  
  38  3:57  SCV, Viking  
  38  4:01  Barracks Tech Lab  
  42  4:07  Supply Depot  
  42  4:08  SCV  
  42  4:09  SCV  
  46  4:10  Hellion  
  46  4:19  Supply Depot, Stimpack  
  46  4:29  SCV x2  
  46  4:30  Barracks  
  48  4:38  Starport Reactor, Barracks  
  48  4:41  SCV x2  
  48  4:42  Factory Reactor  
  48  4:44  Engineering Bay  
  50  4:46  Engineering Bay  
  50  4:47  Orbital Command  
  50  4:53  SCV  
  50  4:56  Marine  
  50  4:58  SCV  
  53  5:02  Refinery x2  
  53  5:04  Supply Depot  
  53  5:05  SCV  
  54  5:10  SCV, Terran Infantry Weapons Level 1, Orbital Command  
  55  5:17  SCV, Terran Infantry Armor Level 1  
  55  5:20  Marine  
  57  5:23  SCV  
  57  5:26  Marine x2  
  60  5:29  Marine x2  
  60  5:30  SCV  
  60  5:35  SCV, Medivac x2  
  67  5:38  SCV  
  67  5:40  Barracks  
  67  5:41  Barracks  
  69  5:43  SCV  
  69  5:44  Marine, Supply Depot  
  69  5:46  Marine x2  
  69  5:47  Marine  
  69  5:48  SCV  
  75  5:50  SCV  
  75  5:55  SCV  
  75  5:56  Siege Tank  
  80  6:00  SCV  
  80  6:02  SCV  
  80  6:04  Supply Depot  
  82  6:05  Supply Depot  
  82  6:07  SCV  
  82  6:08  Marine  
  82  6:09  Marine  
  85  6:13  SCV  
  85  6:14  Marine x2, SCV  
  85  6:18  Marine  
  90  6:21  Combat Shield  
  90  6:22  SCV  
  90  6:25  SCV  
  92  6:26  Refinery  
  92  6:27  Supply Depot x2  
  92  6:28  Supply Depot  
  92  6:30  Barracks Reactor, Armory  
  92  6:31  Barracks Reactor  
  92  6:35  Siege Tank  
  95  6:40  SCV x2  
  95  6:41  Medivac  
  95  6:46  SCV  
  100  6:49  Marine x4  
  100  6:50  Marine  
  100  6:52  SCV x2  
  103  6:54  Supply Depot  
  103  7:01  SCV  
  103  7:04  SCV  
  103  7:05  Marine  
  103  7:07  SCV, Marine x2  
  103  7:08  Refinery  
  111  7:10  Marine  
  111  7:13  Marine x3  
  113  7:18  Marine x2  
  113  7:20  Missile Turret  
  113  7:22  Missile Turret, Terran Infantry Weapons Level 2  
  115  7:23  Marine  
  115  7:25  Marine  
  115  7:26  Terran Infantry Armor Level 2  
  115  7:27  Marine  
  115  7:28  Marine  
  114  7:32  Thor  
  114  7:36  Marine x2  
  121  7:38  Marine  
  121  7:39  Marine x2  
  121  7:40  Missile Turret  
  121  7:41  Medivac x2  
  129  7:49  Marine x4  
  129  7:50  Factory  
  133  7:54  Marine, Terran Vehicle And Ship Armor Level 1  
  134  7:59  Drilling Claws  
  134  8:03  Command Center  
  134  8:10  SCV x2  
  134  8:11  SCV  
  137  8:15  Marine x3  
  137  8:17  Sensor Tower  
  141  8:25  Supply Depot x2  
  141  8:26  Supply Depot  
  140  8:35  Barracks  
  140  8:36  Barracks x2  
  140  8:37  Supply Depot x2  
  140  8:39  Marine  
  140  8:41  Concussive Shells  
  141  8:46  Marine x7  
  141  8:47  Thor, Marauder, Factory Reactor  
  156  8:53  Medivac x2  
  160  8:57  Marine  
  161  9:11  Marine x7  
  168  9:21  Sensor Tower, Missile Turret  
  165  9:26  Marine  
  165  9:29  Marine  
  170  9:33  Barracks Tech Lab x3  
  170  9:37  SCV x3  
  170  9:44  Thor  
  170  9:45  Widow Mine x2  
  180  9:49  SCV x3  
  183  9:55  Terran Infantry Armor Level 3, Terran Vehicle And Ship Armor Level 2  
  183  9:57  Medivac x2  
  183  9:58  Missile Turret, Marauder x4  
  195  10:07  Planetary Fortress  
  195  10:16  Terran Infantry Weapons Level 3  
  195  10:19  Supply Depot  
  195  10:21  Widow Mine x2  
  195  10:25  Marine, Marauder x3  
  195  10:26  Marauder  
  191  10:31  Marine  
  191  10:34  Thor  
  196  10:46  Marine, Supply Depot  
  196  10:47  Marine, Supply Depot  
  196  10:48  Supply Depot  
  180  10:50  Supply Depot  
  180  10:53  Marine  
  180  10:54  Widow Mine  
  180  10:55  Missile Turret  
  180  10:57  Widow Mine  
  179  11:03  Marine  
  180  11:08  Marine x2, Marauder x2  
  186  11:24  Command Center  
  186  11:32  Marine x4, Marauder  
  188  11:33  Marine, Marauder x3  
  188  11:35  Marine  
  188  11:37  SCV  
  188  11:39  SCV x2  
  191  11:43  Thor, Widow Mine  
  199  11:58  Marine  
  197  12:01  Marine, Marauder  
  199  12:09  Marine  
  199  12:12  Missile Turret  
  199  12:15  Marine  
  199  12:18  SCV x2  
  199  12:20  Marine  
  199  12:21  Marauder  
  189  12:23  Missile Turret  
  189  12:25  Missile Turret  
  189  12:28  Marine, Marauder x3  
  187  12:34  SCV x4  
  172  12:37  Marine  
  172  12:42  Marine x6, Marauder  
  166  12:45  Marine  
  166  12:46  SCV  
  166  12:49  Marauder x3  
  174  12:55  Marine  
  160  12:59  Marine  
  160  13:00  Marine x5  
  160  13:03  Marine  
  160  13:04  Marauder  
  149  13:10  Marine x2  
  149  13:11  Marauder  
  153  13:13  Marine  
  153  13:17  Marine x5  
  159  13:21  Marine  
  159  13:24  Marine  
  157  13:27  Widow Mine  
  157  13:28  Thor  
  157  13:29  Medivac x2, Widow Mine  
  157  13:31  Marine  
  163  13:41  Command Center  
  161  13:42  Marine x5  
  166  13:48  Marine  
  166  13:49  Marine  
  166  13:50  Marine x3  
  166  13:51  Marine x2  
  173  13:59  Marine x5  
  178  14:12  Marine  
  178  14:13  Marine x2  
  178  14:14  Marine x3  
  165  14:19  Marine x2  
  165  14:28  Marine  
  165  14:43  Supply Depot x2  
  165  14:45  Supply Depot  
  165  14:49  Marine  
  165  14:52  Marine x9  
  165  14:53  Widow Mine x2, Marauder  
  180  15:01  Missile Turret  
  180  15:05  Marauder  
  182  15:07  Marine  
  182  15:10  Marine  
  182  15:13  Missile Turret  
  183  15:14  Sensor Tower  
  183  15:15  Missile Turret  
  183  15:17  Thor  
  183  15:18  Widow Mine x2  
  189  15:22  Marine x6  
  189  15:23  Marauder  
  191  15:37  Planetary Fortress  
  191  15:40  Missile Turret  
  191  15:44  Widow Mine  
  191  15:48  Marine  
  191  15:49  Marine x2  
  176  15:59  Marauder x2  
  176  16:02  Marauder  
  182  16:07  Marine  
  182  16:08  Marauder  
  184  16:28  Widow Mine x3  
  190  16:33  Marine x2, Marauder x4  
  190  16:35  Orbital Command  
  190  16:37  Marine x5  
  157  16:49  Thor, Medivac  
  157  16:51  Marine  
  119  16:55  Marine, Marauder x3  
  119  16:56  Marine x2  
  118  17:03  Marine  
  119  17:12  Marine  
  119  17:13  Marauder  
  118  17:16  Marauder x3  
  118  17:17  Marine x2  
  118  17:18  Marine  
  118  17:19  Marine  
  118  17:20  Marine  
  127  17:25  Marine  
  124  17:32  Marine x2  
  124  17:34  Marauder  
  124  17:35  Marine  
  129  17:37  Marauder  
  129  17:38  Widow Mine x2  
  129  17:40  Medivac  
  137  17:44  Medivac  
  137  17:45  Marine  
  137  17:48  Marine, Marauder  
  142  17:58  Marine  
  142  17:59  Marauder  
  142  18:02  Marine, Marauder  
  142  18:03  Marauder  
  148  18:10  Marauder  
  148  18:12  Widow Mine x2  
  149  18:15  Marine  
  149  18:17  Marine  
  149  18:19  Marine  
  152  18:20  Marauder  
  152  18:24  Marauder x2  
  144  18:31  Marauder  
  144  18:33  SCV x3  
  132  18:35  Marine  
  132  18:36  Marine x3  
  136  18:42  Marauder  
  136  18:45  SCV x3  
  136  18:47  Widow Mine  
  136  18:48  Widow Mine  
  144  18:54  Marine x2  
  146  18:55  Marine  
  146  18:57  SCV x3  
  146  19:00  Marine  
  146  19:01  Marine  
  152  19:09  SCV  
  149  19:19  Marine, Marauder  
  149  19:22  Marine  
  149  19:23  Marauder  
  151  19:25  Marine  
  151  19:26  Marauder  
  151  19:30  Marine, Marauder  
  149  19:31  Marine  
  149  19:35  Widow Mine  
  149  19:37  Marine x2  
  153  19:40  Marine  
  153  19:41  Marine, Marauder  
  157  19:51  Marine  
  154  19:54  Marine x2, Marauder  
  158  20:19  Widow Mine  
  158  20:22  Marine  
  158  20:23  Widow Mine, Marauder  
  158  20:27  Marine  
  158  20:28  Marauder  
  142  20:31  Marauder  
  125  20:40  Widow Mine  
Tags
 
Add a new tag
Caveats
  • Supply blocks, unpowered buildings, or Contaminate may cause inaccurate times.
  • Supply counts are checked every 10 seconds.